 Dungeon Crawl Stone Soup version 0.29-a0-88-g03a7b78be7 (webtiles) character file.

Game seed: 14031987187534460666

237 dmks the Firebug (level 5, 0/38 HPs)
             Began as a Draconian Fire Elementalist on Feb 5, 2022.
             Killed from afar by Ijyb (38 damage)
             ... with a bolt of acid
             ... on level 3 of the Dungeon.
             The game lasted 00:06:13 (3513 turns).

dmks the Firebug (Draconian Fire Elementalist)      Turns: 3513, Time: 00:06:13

Health: 0/38       AC:  5    Str: 11    XL:     5   Next: 77%
Magic:  9/9        EV: 12    Int: 17    God:
Gold:   119        SH:  0    Dex: 17    Spells: 4/10 levels left

rFire   . . .      SeeInvis .   (no weapon)
rCold   . . .      Faith    .   (no shield)
rNeg    . . .      Spirit   .   (armour unavailable)
rPois   .          Reflect  .   (helmet restricted)
rElec   .          Harm     .   (no cloak)
rCorr   .          Rampage  .   (no gloves)
Will    .....                   (no boots)
Stlth   ++........              (no amulet)
HPRegen 0.12/turn               d - +6 ring of dexterity
MPRegen 0.11/turn               (no ring)

@: no status effects
A: AC +5, unfitting armour, cold-blooded
a: no special abilities


You were on level 3 of the Dungeon.
You visited 1 branch of the dungeon, and saw 4 of its levels.

You collected 119 gold pieces.

Inventory:

Hand Weapons
 c - a +0 dagger
   (You took it off a goblin on level 1 of the Dungeon)
Jewellery
 d - a +6 ring of dexterity (left hand)
   (You found it on level 1 of the Dungeon)
Scrolls
 f - a scroll of magic mapping {unknown}
 i - a scroll of identify {@r1}
Potions
 a - a potion of haste {unknown}
 b - a potion of attraction {unknown}
 e - 3 potions of might {unknown}
 g - 2 potions of brilliance
 h - a potion of curing {unknown}


   Skills:
 - Level 1.7 Dodging
 - Level 1.7 Stealth
 + Level 3.0 Spellcasting
 * Level 3.6 Conjurations
 * Level 4.8 Fire Magic


You had 4 spell levels left.
You knew the following spells:

 Your Spells              Type           Power      Damage    Failure   Level
a - Foxfire               Conj/Fire      64%        2x1d7     3%          1
b - Scorch                Fire           36%        2d6       3%          2
c - Inner Flame           Hex/Fire       10%        N/A       21%         3

Your spell library contained the following spells:

 Spells                   Type           Power      Damage    Failure   Level
 Conjure Flame            Conj/Fire      16%        6-21      10%         3
 Animate Skeleton         Necr           4%         N/A       17%         1
 Pain                     Necr           8%         1d4       17%         1
 Flame Wave               Conj/Fire      16%        2d6       30%         4
 Ozocubu's Armour         Ice            2%         N/A       45%         3
 Vampiric Draining        Necr           2%         2d6       45%         3
 Metabolic Englaciation   Hex/Ice        1%         N/A       99%         5
 Simulacrum               Ice/Necr       1%         N/A       100%        6


Dungeon Overview and Level Annotations

Branches:
Dungeon (4/15)
 Temple: D:4-7

Altars:

Annotations:
D:3 Ijyb


Innate Abilities, Weirdness & Mutations

Your plain brown scales are hard. (AC +5)
You cannot fit into any form of body armour.
You are cold-blooded and may be slowed by cold attacks.


Message History

The foxfire hits the adder skeleton.
The foxfire hits the adder skeleton!
You conjure some foxfire!
The foxfire hits the adder skeleton!
You destroy the adder skeleton!
You conjure some foxfire!
Your magical contamination has completely faded away.
You see here a hound corpse.
Things that are here:
a +0 dagger; a goblin corpse You open the door.
A kobold comes into view.
It is wielding a +2 short sword of flaming.
A kobold is nearby!
You conjure some foxfire!
The kobold shouts!
The foxfire hits the kobold but does no damage.
The foxfire hits the kobold.
You kill the kobold!
You conjure some foxfire!
You conjure some foxfire!
Things that are here:
a +2 short sword of flaming; 2 stones; a kobold corpse
Things that are here:
a +2 short sword of flaming; 2 stones; a kobold corpse As you open the door, it creaks loudly!
There is an open door here.
You open the door.
There is an open door here.
There is an open door here.
There is an open door here.
You see here a hound corpse.
As you open the door, it creaks loudly!
Found a stone staircase leading up.
There is an open door here.
Found a scroll of identify.
There is a stone staircase leading up here.
You climb upwards.
You hear the sound of rushing water.
There is an entrance to a sewer on this level.
Hurry and find it before the portal rusts away!
The walls and floor vibrate strangely for a moment.
Level annotation: Ijyb
There is a stone staircase leading down here.
A rat comes into view.
You conjure some foxfire!
The foxfire hits the rat.
You kill the rat!
You see here a rat corpse.
Ijyb shouts!
Ijyb zaps a wand.
The bolt of acid hits you!!!
Ouch! That really hurt!
You die...

...# .....##..#
#.# ##.#
.....#...#######.#
..?#
.......#.........#
##.#
.....#...###..####
#...
.......g####..#
#?###
#...##........#
### #.# ##.
##.####... ....
..# #.# #..## #.#.
### #@#
#..#######... #.#
.........#.## #.#
#....<... #..
#.##.#.## ##.
#.#.## .# #.#...
.# #.#.## ..
#.#.>. #.####


You could see Ijyb.

Vanquished Creatures
  A scorpion (D:4)
  2 hounds (D:4)
  An iguana (D:4)
  2 adders (D:4)
  A gnoll (D:1)
  An adder skeleton (D:4)
  A worm (D:3)
  An orc (D:4)
  6 endoplasms
  2 giant cockroaches
  3 goblins
  7 hobgoblins
  5 kobolds
  2 quokkas (D:2)
  7 ball pythons
  7 bats
  6 frilled lizards
  3 rats
58 creatures vanquished.

Vanquished Creatures (others)
  277 foxfires
277 creatures vanquished.

Grand Total: 335 creatures vanquished

Notes
Turn   | Place    | Note
-------+----------+-------------------------------------------
     0 | D:1      | dmks the Draconian Fire Elementalist began the quest for
                  | the Orb.
     0 | D:1      | Reached XP level 1. HP: 14/14 MP: 3/3
   313 | D:1      | Reached XP level 2. HP: 20/20 MP: 3/5
   946 | D:1      | Reached XP level 3. HP: 26/26 MP: 2/6
  1249 | D:1      | Found a faded altar of an unknown god.
  2183 | D:3      | Noticed Ijyb
  2368 | D:3      | Noticed a black bear
  2547 | D:4      | Reached XP level 4. HP: 27/33 MP: 2/7
  2601 | D:4      | Noticed a scorpion
  2613 | D:4      | Killed a scorpion
  2614 | D:4      | Reached skill level 4 in Fire Magic
  2818 | D:4      | Reached XP level 5. HP: 37/38 MP: 3/9
  2821 | D:4      | Learned a level 2 spell: Scorch
  2825 | D:4      | Learned a level 3 spell: Inner Flame
  3513 | D:3      | Killed from afar by Ijyb

Illustrated notes

Levels and vault maps discovered:
D:1:      psy_arrival_terrarium, layout_basic, shapermc_ecumenical_altar_gd,
          bh_walls_and_bars
D:2:      layout_basic, hex_intersection
D:3:      layout_loops_ring, mainiacjoe_overflow_surrounded_room,
          portal_sewer_entry_b, uniq_ijyb
D:4:      minmay_chambers_of_threes, layout_gridville,
          minmay_misc_feat_diagonals

Skill      XL: |  1  2  3  4  5 |
---------------+----------------+-----
Conjurations   | 2 3 |  3.6
Fire Magic     | 4 |  4.8
Spellcasting   | 3 |  3.0
Dodging        | |  1.7
Stealth        | |  1.7

Action                   |  1- 3 |  4- 6 || total
-------------------------+-------+-------++-------
Melee: Unarmed           |     3 |       ||     3
 Cast: Foxfire           |   122 |    43 ||   165
  Use: Scroll            |     3 |       ||     3
Armor: Skin              |    12 |     1 ||    13
Dodge: Dodged            |    19 |    10 ||    29

Table legend: (Time is in decaauts)
 A = Elapsed time spent in this place.
 B = Non-inter-level travel time spent in this place.
 C = Inter-level travel time spent in this place.
 D = Time resting spent in this place.
 E = Time spent auto-exploring this place.
 F = Levels seen in this place.
 G = Mean time per level.
                   A        B        C        D        E       F      G
               +--------+--------+--------+--------+--------+-----+--------+
         Total |   3512 |   3457 |     55 |    120 |   2571 |   4 |  878.0 |
       Dungeon |   3512 |   3457 |     55 |    120 |   2571 |   4 |  878.0 |
               +--------+--------+--------+--------+--------+-----+--------+

Top non-repeatable levels by time:
     D:1: 1354 daAuts
     D:4: 1032 daAuts
     D:2: 827 daAuts
     D:3: 297 daAuts
